 Zot Defence DCSS version 0.15.2 (webtiles) character file.

6062 Kakkamies the Fighter (level 10, -13/103 (115) HPs)
             Began as an Ogre Berserker on June 22, 2017.
             Was a Follower of Trog.
             Killed by the air
             ... invoked by a wind drake
              (18 damage)
             ... in the Realm of Zot (Scenario V: Glassed Sandwich).
             The game lasted 00:32:33 (1744 turns).

Kakkamies the Fighter (Ogre Berserker)              Turns: 1744, Time: 00:32:33

HP -13/103 (115) AC  3     Str 24      XL: 10   Next: 87%
MP  10/10        EV 14     Int  6      God: Trog [*.....]
Gold 0           SH  0     Dex 12      Spells:  0 memorised,  9 levels left

rFire  . . .     SeeInvis .     o - +0 halberd
rCold  . . .     Clarity  .     b - +0 animal skin
rNeg   . . .     rCorr    .     (shield restricted)
rPois  .         rRot     .     (helmet restricted)
rElec  .         Spirit   .     (no cloak)
SustAb .         Warding  .     (gloves unavailable)
rMut   .         Stasis   .     (boots unavailable)
Gourm  .                        (no amulet)
MR     +....                    (no ring)
                                (no ring)

@: somewhat resistant to hostile enchantments, very unstealthy
A: unfitting armour, tough skin 1
a: Make oklob sapling, Make arrow trap, Make plant, Remove Curse, Make burning
bush, Make altar, Make grenades, Make oklob plant, Make net trap, Make ice
statue, Make spear trap, Burn Spellbooks, Berserk, Renounce Religion


You were in the Realm of Zot.
You worshipped Trog.
Trog was aware of your devotion.
You were not hungry.

You visited 1 branch

Inventory:

Hand weapons
 a - a +0 hand axe
 k - a +0 hand axe
 l - a +0 dagger
 o - a +0 halberd (weapon)
Missiles
 j - 5 stones (quivered)
 n - 4 throwing nets
Armour
 b - a +0 animal skin (worn)
 m - a cursed +0 animal skin
Comestibles
 d - a meat ration
Scrolls
 i - a scroll of blinking
Potions
 c - 2 potions of curing
 g - 2 potions of magic
 h - a potion of berserk rage


   Skills:
 + Level 12.1 Fighting
 - Level 6.5(6.7) Axes
 * Level 3.2(6.3) Polearms
 - Level 0.2 Throwing
 + Level 9.7 Dodging


You had 9 spell levels left.
You didn't know any spells.

Dungeon Overview and Level Annotations

Branches:
    Zot (1/1)

Altars:


Innate Abilities, Weirdness & Mutations

You are too large for most types of armour.
You have tough skin (AC +1).


Message History

The wind drake bites your burning bush.
Your flesh rots away as the Orb of Zot is desecrated.
The wind drake is no longer bleeding.
The centaur hits your oklob sapling but does no damage.
The wind drake flaps its wings at the merfolk.
The air twists around and strikes you!
* * * LOW HITPOINT WARNING * * *
Your flesh rots away as the Orb of Zot is desecrated.
The merfolk hits your oklob sapling with a trident!
Your oklob sapling is destroyed!
Your ice beast hits the wind drake but does no damage.
Your oklob sapling spits acid at the centaur.
The splash of acid hits the centaur.
The centaur writhes in agony as its flesh is eaten away!
The wind drake flaps its wings at your burning bush.
Your burning bush is struck by the twisting air!
The centaur hits your oklob sapling.
The wind drake flaps its wings at the merfolk.
The air twists around and strikes you!
You die...

.................................
.................................
▓▓▓▓▓▓▓▓▓▓▓▓▓▓▓▓▓▓▓▓▓▓▓▓▓▓▓▓▓▓▓▓▓
............^^.^^.....m..........
............▓▓^▓▓................
...........▓▓))P▓▓...............
..........▓▓..c..▓▓..............
.........▓▓..(m...▓▓.............
........▓▓....))@..▓▓............
▓▓▓▓▓▓▓▓▓Pk.PYk)P..P▓▓▓▓▓▓▓▓▓▓▓▓▓
∆∆∆∆▓▓▓▓▓▓▓▓▓8mm▓▓▓▓▓▓▓▓∆∆∆∆∆∆∆∆∆
▓▓▓▓▓▓▓▓▓PY)(%()P...▓▓▓▓▓▓▓▓▓▓▓▓▓
........▓▓...)))c..▓▓............
.........▓▓).))...▓▓.............
..........▓▓.)%..▓▓..............
...........▓▓)).▓▓...............
............▓▓^▓▓................


You could see 2 wind drakes, 4 merfolk, 2 centaurs, a friendly ice statue, a
friendly oklob plant, 3 friendly burning bushes, 2 friendly ice beasts and 3
friendly oklob saplings.

Vanquished Creatures
  A deep elf mage (Zot)
  A boggart (Zot)
  A gnoll (Zot)
  2 worms (Zot)
  2 orcs (Zot)
  5 bats (Zot)
  2 goblins (Zot)
  A hobgoblin (Zot)
  2 kobolds (Zot)
17 creatures vanquished.

Vanquished Creatures (collateral kills)
  A centaur warrior (Zot)
  Snorg (Zot)
  A troll (Zot)
  A wind drake (Zot)
  4 merfolk (Zot)
  A hippogriff (Zot)
  Grum (Zot)
  3 ogres (Zot)
  A water moccasin (Zot)
  A phantom (Zot)
  Purgy (Zot)
  5 black bears (Zot)
  A boggart (Zot)
  2 centaurs (Zot)
  A killer bee (Zot)
  A quasit (Zot)
  A yak zombie (Zot)
  A goliath beetle (Zot)
  A hound (Zot)
  5 worker ants (Zot)
  An orc priest (Zot)
  3 gnoll shamans (Zot)
  2 orc wizards (Zot)
  A sky beast zombie (Zot)
  27 gnolls (Zot)
  4 adders (Zot)
  A giant mite (Zot)
  2 worms (Zot)
  2 giant geckos (Zot)
  An ooze (Zot)
  5 orcs (Zot)
  7 bats (Zot)
  16 goblins (Zot)
  8 hobgoblins (Zot)
  2 jackals (Zot)
  A quokka (Zot)
  4 ball pythons (Zot)
  7 giant newts (Zot)
  9 kobolds (Zot)
  9 rats (Zot)
146 creatures vanquished.

Vanquished Creatures (others)
  2 oklob plants (Zot)
  An ice beast (Zot)
  A black bear (Zot)
  5 oklob saplings (Zot)
  2 orcs (Zot)
  4 goblins (Zot)
  2 jackals (Zot)
  A rat (Zot)
18 creatures vanquished.

Grand Total: 181 creatures vanquished

Notes
Turn   | Place    | Note
--------------------------------------------------------------
     0 | Zot      | Kakkamies, the Ogre Berserker, began the quest for the Orb.
     0 | Zot      | Reached XP level 1. HP: 24/24 MP: 1/1
   218 | Zot      | Reached XP level 2. HP: 29/32 MP: 2/2
   313 | Zot      | Reached XP level 3. HP: 38/40 MP: 3/3
   364 | Zot      | Reached skill level 5 in Fighting
   364 | Zot      | Reached XP level 4. HP: 25/50 MP: 4/4
   554 | Zot      | Reached XP level 5. HP: 45/57 MP: 5/5
   566 | Zot      | Noticed Smiggoc
   577 | Zot      | Killed Smiggoc the deep elf mage
   577 | Zot      | Reached skill level 6 in Fighting
   577 | Zot      | Reached XP level 6. HP: 54/68 MP: 6/6
   684 | Zot      | Reached skill level 5 in Dodging
   684 | Zot      | Reached XP level 7. HP: 17/76 MP: 7/7
   718 | Zot      | Reached skill level 7 in Fighting
   964 | Zot      | Noticed Adyum
   977 | Zot      | Killed Adyum the hippogriff
   977 | Zot      | Reached skill level 8 in Fighting
   977 | Zot      | Reached XP level 8. HP: 35/87 MP: 8/8
  1062 | Zot      | Noticed Grum
  1076 | Zot      | Killed Grum
  1165 | Zot      | Noticed Higexy
  1174 | Zot      | Killed Higexy the troll
  1174 | Zot      | Reached skill level 9 in Fighting
  1174 | Zot      | Reached skill level 5 in Axes
  1211 | Zot      | Reached XP level 9. HP: 52/97 MP: 9/9
  1361 | Zot      | Reached skill level 10 in Fighting
  1446 | Zot      | Noticed Ilaic
  1467 | Zot      | Killed Ilaic the centaur warrior
  1467 | Zot      | Reached skill level 11 in Fighting
  1467 | Zot      | Reached XP level 10. HP: 65/112 MP: 10/10
  1564 | Zot      | Noticed Purgy
  1567 | Zot      | Reached skill level 1 in Polearms
  1573 | Zot      | Killed Purgy
  1670 | Zot      | Noticed Snorg
  1679 | Zot      | Killed Snorg
  1718 | Zot      | Reached skill level 12 in Fighting
  1744 | Zot      | HP: 5/104 [wind drake/the air (8)]
  1744 | Zot      | Killed from afar by a wind drake

Action                   |  1- 3 |  4- 6 |  7- 9 | 10-12 || total
-------------------------+-------+-------+-------+-------++-------
Melee: Hand axe          |    16 |    29 |    34 |     8 ||    87
       Halberd           |       |       |       |    12 ||    12
Throw: Stone             |       |       |     3 |     2 ||     5
 Abil: Make oklob saplin |     1 |     1 |     3 |     3 ||     8
       Make burning bush |       |       |     2 |     1 ||     3
       Make arrow trap   |       |       |     8 |       ||     8
       Make net trap     |       |       |     8 |       ||     8
       Make oklob plant  |       |       |       |     3 ||     3
       Make spear trap   |       |       |       |     2 ||     2
       Make ice statue   |       |       |       |     1 ||     1
  Use: Potion            |       |       |       |     3 ||     3
 Stab: Distracted        |     1 |     2 |     2 |     2 ||     7
